 Dungeon Crawl Stone Soup version 0.18.1-48-g4cf74bf (webtiles) character file.

304 Heedrag the Conjurer (level 6, 0/32 HPs)
             Began as a Deep Elf Conjurer on July 30, 2016.
             Shot with an arrow by a centaur (14 damage)
             ... on level 4 of the Dungeon.
             The game lasted 00:09:46 (3733 turns).

Heedrag the Conjurer (Deep Elf Conjurer)            Turns: 3733, Time: 00:09:47

Health: 0/32       AC:  3    Str:  7    XL:     6   Next: 15%
Magic:  14/16      EV: 13    Int: 20    God:
Gold:   159        SH:  0    Dex: 18    Spells: 4 memorised, 2 levels left

rFire  . . .     SeeInvis .     j - +0 short sword
rCold  . . .     Gourm    .     a - +0 robe
rNeg   . . .     Faith    .     (no shield)
rPois  .         Spirit   .     k - +1 hat
rElec  .         Dismiss  +     (no cloak)
rCorr  .         Reflect  .     (no gloves)
SustAt .         Harm     .     (no boots)
MR     .....                    r - amulet of dismissal
Stlth  +++.......               G - +3 ring of dexterity
                                h - ring of stealth

@: not resistant to hostile enchantments, fairly stealthy
A: no striking features
a: no special abilities


You were on level 4 of the Dungeon.
You were not hungry.

You visited 1 branch of the dungeon, and saw 4 of its levels.

You collected 159 gold pieces.

Inventory:

Hand Weapons
 j - a +0 short sword (weapon)
Armour
 a - a +0 robe (worn)
 k - a +1 hat (worn)
Jewellery
 h - a ring of stealth (left hand)
 r - an amulet of dismissal (around neck)
 G - a +3 ring of dexterity (right hand)
Scrolls
 e - 3 scrolls of identify {unknown}
 g - 2 scrolls of teleportation {unknown}
 i - a scroll of enchant armour {unknown}
 n - 2 scrolls of amnesia {unknown}
 s - 2 scrolls of recharging {unknown}
 t - a scroll of immolation {unknown}
 u - a scroll of remove curse {unknown}
 v - a scroll of noise {unknown}
 w - a scroll of magic mapping {unknown}
 y - 2 scrolls of enchant weapon {unknown}
 z - 2 scrolls of fog {unknown}
Potions
 d - a potion of mutation {unknown}
 f - a potion of experience {unknown}
 l - 2 potions of haste {unknown}
 m - a potion of flight {unknown}
 o - 3 potions of heal wounds {unknown}
 p - 3 potions of brilliance {unknown}
 x - a potion of cure mutation {unknown}
 B - a potion of lignification {unknown}
 F - 2 potions of ambrosia {unknown}
Books
 b - a book of Conjurations

   Spells                             Type                      Level
   a - Magic Dart                     Conjuration                  1
   b - Searing Ray                    Conjuration                  2
   c - Dazzling Spray                 Conjuration/Hexes            3
   d - Fulminant Prism                Conjuration/Hexes            4
   e - Iskenderun's Mystic Blast      Conjuration                  4
   f - Iskenderun's Battlesphere      Conjuration/Charms           5
Comestibles
 c - 2 bread rations
 q - 2 beef jerkies
 A - 3 meat rations
 C - 5 fruits
 D - 2 chunks of flesh
 E - a slice of pizza


   Skills:
 - Level 2.4 Dodging
 - Level 2.4 Stealth
 + Level 5.4 Spellcasting
 * Level 6.9 Conjurations
 + Level 2.2 Charms


You had 2 spell levels left.
You knew the following spells:

 Your Spells              Type           Power        Failure   Level  Hunger
a - Magic Dart            Conj           ####         1%          1    None
b - Dazzling Spray        Conj/Hex       ###...       10%         3    ##.....
c - Iskenderun's Mystic   Conj           ####....     10%         4    ####...
d - Iskenderun's Battles  Conj/Chrm      ###.....     58%         5    #####..


Dungeon Overview and Level Annotations

Branches:
Dungeon (4/15)
 Temple: D:4-7

Altars:
Zin

Annotations:
D:4 Blork the orc


Message History

Tha magic dart hits tha giant newt.
Tha giant newt be heavily wounded.
A centaur comes inta view.
Castin': Magic Dart Confirm wit' . or Enter, or press ? or * ta list all spells.
Aimin': Magic Dart
Press: ? - help, Shift-Dir - straight line, f/p - giant newt
Aim: a giant newt (heavily wounded) Tha magic dart hits tha giant newt.
Ye kill tha giant newt!
Tha centaur wields a shortbow.
Tha centaur shoots an arrow.
Tha arrow hits ye!!
Ouch! Tha re'lly hurt!
Castin': Magic Dart Confirm wit' . or Enter, or press ? or * ta list all spells.
Aimin': Magic Dart
Press: ? - help, Shift-Dir - straight line, f - centaur
Aim: a centaur, wieldin' a shortbow Okay, than.
Tha centaur shoots an arrow.
Tha arrow hits ye!
Ye die...

#.#.........
#.#.........
#.#.........
#######.#####'####
#........# ###
#.######## #.# #.#
#@# #(# #....≈≈≈.
#...≈≈≈≈≈
#...c≈♣≈c ##..≈≈≈≈
...≈≈≈. #......
#.....


You could see a centaur.

Vanquished Creatures
  A centaur skeleton (D:4)
  3 orc wizards (D:3)
  8 adders
  An ooze (D:4)
  3 worms
  3 dart slugs
  2 giant geckos
  9 orcs
  A ball python (D:2)
  5 bats
  7 giant cockroaches
  6 goblins
  13 hobgoblins
  2 jackals (D:2)
  A quokka (D:4)
  6 giant newts
  14 kobolds
  A quokka skeleton (D:4)
  6 rats
92 creatures vanquished.

Notes
Turn   | Place    | Note
--------------------------------------------------------------
     0 | D:1      | Heedrag the Deep Elf Conjurer began the quest for the Orb.
     0 | D:1      | Reached XP level 1. HP: 10/10 MP: 6/6
   184 | D:1      | Reached XP level 2. HP: 15/15 MP: 6/8
   408 | D:1      | Reached skill level 5 in Conjurations
   595 | D:1      | Reached XP level 3. HP: 19/19 MP: 6/10
   964 | D:2      | Found a faded altar to an unknown god.
  1294 | D:2      | Reached XP level 4. HP: 24/24 MP: 7/12
  1568 | D:3      | Learned a level 3 spell: Dazzling Spray
  1921 | D:4      | Noticed Blork the orc
  2258 | D:3      | Reached skill level 6 in Conjurations
  2259 | D:3      | Reached XP level 5. HP: 28/28 MP: 3/14
  2267 | D:3      | Learned a level 4 spell: Iskenderun's Mystic Blast
  2273 | D:3      | Learned a level 5 spell: Iskenderun's Battlesphere
  2451 | D:3      | Reached skill level 1 in Charms
  2644 | D:3      | Reached skill level 5 in Spellcasting
  3307 | D:3      | Found a glowing silver altar of Zin.
  3419 | D:4      | Reached XP level 6. HP: 22/32 MP: 8/16
  3733 | D:4      | Shot with an arrow by a centaur

Skill      XL: |  1  2  3  4  5 |
---------------+----------------+-----
Conjurations   | 5 6 |  6.9
Spellcasting   | 4 5 |  5.4
Charms         | 2 |  2.2
Dodging        | |  2.4
Stealth        | |  2.4

Action                   |  1- 3 |  4- 6 || total
-------------------------+-------+-------++-------
Melee: Short sword       |     7 |     1 ||     8
 Cast: Magic Dart        |    84 |   158 ||   242
       Dazzling Spray    |       |     2 ||     2
  Eat: Chunk             |     1 |     7 ||     8
Armor: Robe              |     2 |     2 ||     4
Dodge: Dodged            |    15 |    16 ||    31
